 Dungeon Crawl Stone Soup version 0.29-a0-477-g62b78b4225 (webtiles) character file.

Game seed: 2214738809492037032

29308 Hubjo the Covert (level 13, -4/83 HPs)
             Began as a Deep Elf Fire Elementalist on May 24, 2022.
             Was a Priest of Ashenzari.
             Slain by a spriggan rider
             ... wielding a +0 spear
             ... led by a spriggan druid
              (16 damage)
             ... on level 1 of the Swamp.
             The game lasted 01:12:20 (25823 turns).

Hubjo the Covert (Deep Elf Fire Elementalist)      Turns: 25823, Time: 01:12:20

Health: -4/83      AC: 12    Str:  5    XL:     13   Next: 14%
Magic:  35/42      EV: 11    Int: 26    God:    Ashenzari [***...]
Gold:   329        SH:  0    Dex: 15    Spells: 18/41 levels left

rFire   + . .      SeeInvis +   N - +7 flail
rCold   + . .      Faith    .   x - orb {light}
rNeg    + . .      Spirit   .   T - +2 troll leather armour of Curses and Power {Regen+, Self, Melee} (curse)
rPois   +          Reflect  .   H - +2 hat of the Fated Omen {Evo, Elem} (curse)
rElec   +          Harm     .   W - scarf {rC+ rF+}
rCorr   .          Rampage  .   S - +0 pair of gloves of the Perceptive Seeker {rElec rN+ Will+, Self, Fort} (curse)
Will    ++...      Clarity  +   (no boots)
Stlth   ++........              A - amulet "Ensconced Limitation" {Regen+, Comp, Elem} (curse)
HPRegen 2.63/turn               R - ring of poison resistance
MPRegen 0.28/turn               D - ring of the Oracular Portent {MP+9, Comp, Bglg} (curse)

@: glowing
A: iridescent scales 1, regeneration 1
a: Renounce Religion, Shatter the Chains


You were on level 1 of the Swamp.
You worshipped Ashenzari.
Ashenzari was most pleased with you.
You visited 4 branches of the dungeon, and saw 15 of its levels.
You also visited: Ossuary and Gauntlet.

You collected 1113 gold pieces.
You spent 784 gold pieces at shops.

Inventory:

Hand Weapons
 w - a +2 demon whip of venom
 N - a +7 flail (weapon)
Missiles
 i - 3 boomerangs of dispersal
 n - 4 throwing nets
Armour
 x - an orb of light (worn)
 H - the cursed +2 hat of the Fated Omen (worn) {Evo, Elem}
   (You found it on level 7 of the Dungeon)

   It has a curse which improves the following skills: Evocations: Evocations.
   Elements:  Fire Magic, Ice Magic, Air Magic and Earth Magic.
 S - the cursed +0 pair of gloves of the Perceptive Seeker (worn) {rElec rN+ Will+, Self, Fort}
   (You found it on level 10 of the Dungeon)

   rElec:     It insulates you from electricity.
   rN:        It protects you from negative energy.
   Will:      It increases your willpower.
   It has a curse which improves the following skills: Introspection: Fighting
   and Spellcasting.
   Fortitude: Armour and Shields.
 T - the cursed +2 troll leather armour of Curses and Power (worn) {Regen+, Self, Melee}
   (You found it on level 11 of the Dungeon)

   Regen:     It increases your rate of health regeneration.
   It has a curse which improves the following skills: Introspection: Fighting
   and Spellcasting.
   Melee Combat: Short Blades, Long Blades, Axes, Maces & Flails, Polearms,
   Staves and Unarmed Combat.
 W - a scarf of resistance (worn)
 Y - the +1 helmet of Vanity {Rampage Str-5 Dex+2}
   (You found it in a Gauntlet)

   Str:       It affects your strength (-5).
   Dex:       It affects your dexterity (+2).
   Rampage:   It bestows one free step when moving towards enemies.
Jewellery
 k - the ring of Zump {rElec rPois Will- Int+6 Dex+6}
   (You found it in a Gauntlet)

   [ring of dexterity]

   Int:       It affects your intelligence (+6).
   Dex:       It affects your dexterity (+6).
   rElec:     It insulates you from electricity.
   rPois:     It protects you from poison.
   Will:      It decreases your willpower.
 A - the cursed amulet "Ensconced Limitation" (around neck) {Regen+, Comp, Elem}
   (You found it on level 4 of the Dungeon)

   [amulet of regeneration]

   Regen:     It increases your rate of health regeneration.
   It has a curse which improves the following skills: Companions: Summonings
   and Necromancy.
   Elements:  Fire Magic, Ice Magic, Air Magic and Earth Magic.
 D - the cursed ring of the Oracular Portent (right hand) {MP+9, Comp, Bglg}
   (You found it on level 5 of the Dungeon)

   [ring of magical power]

   MP:        It affects your magic capacity (+9).
   It has a curse which improves the following skills: Companions: Summonings
   and Necromancy.
   Beguiling: Conjurations, Hexes and Translocations.
 R - a ring of poison resistance (left hand)
 V - a +6 ring of strength
Wands
 j - a wand of acid (7)
 r - a wand of flame (42)
 t - a wand of digging (6)
 C - a wand of polymorph (8)
 O - a wand of iceblast (7)
 U - a wand of paralysis (5)
Scrolls
 c - 6 scrolls of fog
 d - 6 scrolls of teleportation
 g - 5 scrolls of immolation
 h - 2 scrolls of torment
 m - 11 scrolls of amnesia
 y - 2 scrolls of poison
 J - 3 scrolls of enchant weapon
 L - 3 scrolls of vulnerability
 M - 10 scrolls of identify
 Q - 2 scrolls of magic mapping
Potions
 b - 2 potions of magic
 e - a potion of might
 f - 11 potions of degeneration
 l - a potion of ambrosia
 o - 4 potions of lignification
 q - 2 potions of berserk rage
 s - 4 potions of brilliance
 u - 3 potions of resistance
 v - a potion of cancellation
 z - 4 potions of attraction
 G - a potion of curing
 K - 4 potions of flight
 X - 2 potions of heal wounds
 Z - a potion of mutation
Miscellaneous
 a - a tin of tremorstones (2/2)


   Skills:
 + Level 8.2(10.7) Fighting
 + Level 4.1(5.6) Armour
 - Level 2.4 Dodging
 + Level 12.3 Stealth
 + Level 12.2(14.6) Spellcasting
 - Level 7.5(9.1) Conjurations
 - Level 1.9(3.7) Summonings
 * Level 9.8(12.2) Necromancy
 * Level 4.9 Transmutations
 - Level 10.8(13.2) Fire Magic


You had 18 spell levels left.
You knew the following spells:

 Your Spells              Type           Power      Damage    Failure   Level
a - Foxfire               Conj/Fire      100%       2x1d9     1%          1
b - Flame Wave            Conj/Fire      67%        2d12      1%          4
c - Starburst             Conj/Fire      33%        6d10      7%          6
d - Summon Ice Beast      Ice/Summ       29%        N/A       21%         4
e - Necromutation         Tmut/Necr      29%        N/A       100%        8

Your spell library contained the following spells:

 Spells                   Type           Power      Damage    Failure   Level
 Necrotize                Necr           100%       1d9       1%          1
 Summon Small Mammal      Summ           100%       N/A       1%          1
 Scorch                   Fire           100%       2d10      1%          2
 Conjure Flame            Conj/Fire      67%        6-21      1%          3
 Dazzling Flash           Conj/Hex       86%        N/A       1%          3
 Ignite Poison            Fire/Tmut/Pois 50%        N/A       1%          3
 Inner Flame              Hex/Fire       52%        N/A       1%          3
 Vampiric Draining        Necr           70%        2d11      1%          3
 Agony                    Necr           70%        N/A       1%          5
 Passwall                 Tmut/Erth      26%        N/A       2%          2
 Call Canine Familiar     Summ           38%        N/A       3%          3
 Mephitic Cloud           Conj/Pois/Air  35%        N/A       3%          3
 Freeze                   Ice            80%        1d9       4%          1
 Blink                    Tloc           38%        N/A       6%          2
 Ensorcelled Hibernation  Hex/Ice        40%        N/A       6%          2
 Summon Guardian Golem    Hex/Summ       29%        N/A       6%          3
 Hailstorm                Conj/Ice       43%        3d10      6%          4
 Iskenderun's Mystic Bla  Conj/Tloc      43%        2d10      6%          4
 Frozen Ramparts          Ice            40%        1d6       12%         3
 Lesser Beckoning         Tloc           19%        N/A       12%         3
 Swiftness                Air            20%        N/A       12%         3
 Confusing Touch          Hex            19%        N/A       13%         3
 Ice Form                 Ice/Tmut       32%        N/A       16%         4
 Freezing Cloud           Conj/Ice/Air   18%        6-21      32%         5
 Yara's Violent Unravell  Hex/Tmut       16%        3d8       41%         5
 Summon Forest            Summ/Tloc      14%        N/A       50%         5
 Summon Mana Viper        Hex/Summ       29%        N/A       50%         5
 Manifold Assault         Tloc           19%        N/A       75%         5
 Summon Cactus Giant      Summ           19%        N/A       83%         6
 Borgnjor's Revivificati  Necr           35%        N/A       88%         8
 Enfeeble                 Hex            9%         N/A       100%        7
 Storm Form               Tmut/Air       16%        N/A       100%        7
 Death's Door             Necr           35%        N/A       100%        9


Dungeon Overview and Level Annotations

Branches:
Dungeon (11/15)            Temple (1/1) D:7            Lair (2/6) D:10
  Swamp (1/4) Lair:2          Orc (0/2) D:10        Ossuary (visited)
Gauntlet (visited)
  Snake: Lair:2-4    Spider: Lair:2-4

Altars:
Ashenzari
Cheibriados
Dithmenos
Elyvilon
Fedhas
Gozag
Hepliaklqana
Kikubaaqudgha
Makhleb
Nemelex Xobeh
Okawaru
Qazlal
Ru
Sif Muna
Trog
Uskayaw
Vehumet
Wu Jian
Xom
Yredelemnul
Zin
The Shining One

Shops:
D:2 *   D:3 [   D:4 :


Innate Abilities, Weirdness & Mutations

You are partially covered in iridescent scales. (AC +2)
Your natural rate of healing is unusually fast.


Message History

Trunks creak and shift.
A tree reaches out and hits your foxfire! x2
A tree reaches out and hits your foxfire!!
The foxfire hits the spriggan druid!
The spriggan druid is moderately wounded.
The forest calms down.
The foxfire hits the spriggan druid but does no damage.
The spriggan druid is moderately wounded.
The spriggan rider throws a curare-tipped dart.
The curare-tipped dart hits you.
The spriggan rider hits you from afar with a +1 spear of distortion!
Space warps around you.
The spriggan druid is engulfed in a cloud of scalding steam.
The spriggan druid hits you with a +0 quarterstaff!
Unknown command.
Casting: Foxfire (safe; 1% risk of failure)
Confirm with . or Enter, or press ? or * to list all spells.
Casting: Starburst (dangerous; 7% risk of failure)
Press: ? - help, Dir - look around, f - activate The bolt of fire hits your foxfire.
Your foxfire completely resists.
Your foxfire is severely damaged.
You smell burning wood.
The bolt of fire misses your foxfire.
You smell burning wood. x2
The bolt of fire misses the spriggan druid.
The bolt of fire misses the spriggan rider.
The foxfire hits the spriggan druid.
The spriggan druid is heavily wounded.
The foxfire hits the spriggan druid.
The spriggan druid is severely wounded.
The spriggan rider hits you from afar with a +0 spear!
The spriggan rider hits you from afar with a +1 spear of distortion!!
* * * LOW HITPOINT WARNING * * *
Space warps around you.
* * * LOW HITPOINT WARNING * * *
The spriggan druid is engulfed in a cloud of scalding steam.
The spriggan druid hits you but does no damage.
The spriggan rider is engulfed in a cloud of scalding steam.
The spriggan rider hits you from afar with a +0 spear!
You die...

♣♣ ♣♣♣ ♣♣
♣≈♣♣≈♣♣§♣
♣§♣§♣§♣*
♣♣♣♣♣§§≈♣♣♣♣♣
*
♣≈§§§.@.§§≈≈♣
, , ≈≈
♣♣♣≈..§i§§♣♣♣
, ≈
♣...≈§ii$♣**
, ♣........≈♣
≈ ♣.......≈§♣
* ,
♣§..♣♣......♣
♣♣♣♣
..≈♣...≈♣
≈.....≈≈≈♣ ≈


You could see 2 spriggan riders and a spriggan druid.

Vanquished Creatures
  A bunyip (Swamp:1)
  Snorg (D:11)
  2 hydras
  Harold (Lair:2)
  A centaur warrior (D:11)
  2 two-headed ogres (D:11)
  Erica (D:7)
  2 death yaks (Lair:2)
  Urug (D:11)
  The ghost of happo123 the Ducker, a novice DjEE of Hepliaklqana (D:8)
  Amaemon (D:11)
  An orc knight (D:11)
  3 elephants (Lair:2)
  An ugly thing (D:11)
  Joseph (D:8)
  A cane toad (Lair:2)
  An orange demon (D:11)
  2 black mambas
  2 torpor snails
  A gargoyle (D:11)
  A hellion (Gauntlet)
  An unseen horror (D:11)
  A smoke demon (Gauntlet)
  Psyche (D:10)
  2 komodo dragons
  An ice devil (Gauntlet)
  7 trolls
  A bloated husk (Swamp:1)
  A tyrant leech (Lair:2)
  3 hornets
  5 blink frogs (Lair:2)
  A slime creature (D:11)
  2 wyverns
  10 yaks
  Grum (D:11)
  4 wraiths
  A basilisk (Lair:2)
  A golden eye (D:11)
  5 vampire mosquitoes (D:11)
  2 wargs (D:10)
  A swamp worm (Lair:2)
  An acid dragon (D:11)
  2 hell hounds (Gauntlet)
  8 orc warriors
  7 water moccasins
  2 black bears
  A hornet zombie (D:7)
  An ice beast (D:6)
  2 sky beasts (D:6)
  An ogre (D:5)
  2 centaurs
  8 wolves
  2 kobold brigands (D:8)
  5 bullfrogs
  A wyvern zombie (D:7)
  3 gnoll sergeants
  2 necrophages (D:7)
  7 wights
  18 killer bees
  7 howler monkeys
  7 electric eels
  4 centaur zombies
  A bullfrog zombie (D:7)
  A human zombie (Ossuary)
  3 jellies
  Crazy Yiuf (D:5)
  5 orc priests
  Natasha (thrice) (D:4)
  2 iguanas
  13 orc wizards
  A killer bee zombie (D:7)
  4 mummies (Ossuary)
  A howler monkey zombie (D:7)
  4 adders
  12 gnolls
  A shadow imp (D:6)
  4 white imps
  An ufetubus (D:7)
  2 worms
  2 dart slugs
  42 orcs
  6 ball pythons
  7 endoplasms
  3 giant cockroaches
  8 goblins
  5 hobgoblins
  2 jackals (D:4)
  12 kobolds
  6 quokkas
  7 bats
  4 frilled lizards
  2 hobgoblin zombies (Ossuary)
  3 kobold zombies (Ossuary)
  8 rats
346 creatures vanquished.

Vanquished Creatures (collateral kills)
  A two-headed ogre (D:11)
  A komodo dragon (D:11)
  A kobold brigand (D:11)
  2 kobolds (D:11)
  14 foxfires
19 creatures vanquished.

Vanquished Creatures (others)
  24 demonic plants (Gauntlet)
  2691 foxfires
  7 fungi
  28 plants
  4 toadstools (D:1)
  2 withered plants (D:8)
2756 creatures vanquished.

Grand Total: 3121 creatures vanquished

Notes
Turn   | Place    | Note
-------+----------+-------------------------------------------
     0 | D:1      | Hubjo the Deep Elf Fire Elementalist began the quest for
                  | the Orb.
     0 | D:1      | Reached XP level 1. HP: 10/10 MP: 6/6
   385 | D:1      | Reached XP level 2. HP: 16/16 MP: 4/8
   836 | D:1      | Reached skill level 1 in Fighting
  1688 | D:2      | Reached XP level 3. HP: 20/20 MP: 5/9
  2032 | D:2      | Reached XP level 4. HP: 26/26 MP: 1/11
  2489 | D:2      | Found Araskas's General Store.
  4309 | D:3      | Found a faded altar of an unknown god.
  4478 | D:3      | Found Doybbau's Antique Armour Emporium.
  4893 | D:4      | Noticed Natasha
  4899 | D:4      | Killed Natasha
  4900 | D:4      | Reached XP level 5. HP: 31/31 MP: 6/13
  5076 | D:4      | Found a sand-covered staircase.
  5091 | Ossuary  | Entered an ossuary
  5618 | Ossuary  | Reached XP level 6. HP: 36/36 MP: 9/14
  6027 | Ossuary  | Gained mutation: Your muscles are strong. (Str +2) [potion
                  | of mutation]
  6167 | D:4      | Found Nomic's Book Boutique.
  6419 | D:4      | Found a shadowy altar of Dithmenos.
  6744 | D:4      | Noticed Natasha
  6794 | D:4      | Killed Natasha
  7421 | D:5      | Entered Level 5 of the Dungeon
  7544 | D:5      | Reached skill level 5 in Spellcasting
  7604 | D:5      | Reached XP level 7. HP: 16/41 MP: 2/16
  7834 | D:5      | Learned a level 4 spell: Flame Wave
  7995 | D:5      | Reached skill level 5 in Stealth
  7995 | D:5      | Reached skill level 5 in Fire Magic
  8469 | D:5      | Found a runed translucent door.
  8470 | D:5      | Noticed Crazy Yiuf
  8693 | D:5      | Found an ornate altar of the Wu Jian Council.
  8737 | D:5      | Found a shimmering altar of Xom.
  9161 | D:5      | Killed Crazy Yiuf
  9631 | D:7      | Found a basalt altar of Yredelemnul.
  9641 | D:7      | Reached XP level 8. HP: 44/48 MP: 18/19
 10166 | D:7      | Found a staircase to the Ecumenical Temple.
 10187 | Temple   | Entered the Ecumenical Temple
 10588 | D:6      | Found a broken altar of Ashenzari.
 10667 | D:6      | Became a worshipper of Ashenzari the Shackled
 10675 | D:6      | Learned a level 6 spell: Starburst
 11293 | D:5      | Reached skill level 5 in Fighting
 11293 | D:5      | Reached XP level 9. HP: 36/54 MP: 22/22
 12264 | D:7      | Paralysed by a hornet for 3 turns
 13195 | D:8      | Noticed Erica
 13200 | D:7      | Reached skill level 5 in Conjurations
 13760 | D:7      | Killed Erica
 13761 | D:7      | Reached XP level 10. HP: 35/60 MP: 24/24
 13763 | D:7      | Lost mutation: Your muscles are strong. (Str +2) [potion of
                  | mutation]
 13763 | D:7      | Gained mutation: Your natural rate of healing is unusually
                  | fast. [potion of mutation]
 13763 | D:7      | Gained mutation: You are partially covered in iridescent
                  | scales. (AC +2) [potion of mutation]
 14156 | D:8      | Found a white marble altar of Elyvilon.
 14278 | D:8      | Found a runed translucent door.
 14278 | D:8      | Noticed happo123's ghost (novice DjEE)
 14286 | D:8      | Found a white marble altar of Elyvilon.
 14490 | D:8      | Noticed Joseph
 14506 | D:8      | Killed Joseph
 14988 | D:9      | Reached skill level 10 in Fire Magic
 15339 | D:9      | Paralysed by a hornet for 3 turns
 15571 | D:9      | Reached * piety under Ashenzari
 15712 | D:10     | Entered Level 10 of the Dungeon
 15712 | D:10     | Noticed Psyche
 15727 | D:10     | Killed Psyche
 15745 | D:10     | Reached XP level 11. HP: 56/65 MP: 6/26
 15979 | D:10     | Learned a level 4 spell: Summon Ice Beast
 16128 | D:10     | Reached skill level 1 in Summonings
 16424 | D:4      | Noticed Natasha
 16428 | D:4      | Killed Natasha
 16649 | D:9      | Reached ** piety under Ashenzari
 16949 | D:9      | Reached skill level 1 in Necromancy
 17541 | D:10     | Found a staircase to the Orcish Mines.
 17585 | D:10     | Reached skill level 10 in Stealth
 17585 | D:10     | Reached skill level 10 in Spellcasting
 17757 | D:10     | Found a staircase to the Lair.
 17830 | D:10     | Identified the +0 pair of gloves of Intercession {rElec rN+
                  | Will+}
 18443 | D:11     | Noticed Snorg
 18454 | D:11     | Killed Snorg
 18699 | D:11     | Noticed Grum
 18707 | D:11     | Reached skill level 1 in Armour
 18710 | D:11     | Killed Grum
 18956 | D:11     | Reached skill level 5 in Necromancy
 19065 | D:11     | Noticed a green ugly thing
 19072 | D:11     | Killed a green ugly thing
 19197 | D:11     | Noticed a seven-headed hydra
 19200 | D:11     | Killed a seven-headed hydra
 19277 | D:11     | Noticed a two-headed ogre
 19280 | D:11     | Killed a two-headed ogre
 19349 | D:11     | Noticed a centaur warrior
 19359 | D:11     | Noticed an orc knight
 19364 | D:11     | Noticed Amaemon
 19498 | D:11     | Noticed Urug
 19507 | D:11     | HP: 1/69 [Urug/+1 broad axe (27)]
 19520 | D:11     | Killed Urug
 19521 | D:11     | Reached XP level 12. HP: 38/75 MP: 3/30
 19731 | D:11     | Noticed a two-headed ogre
 19737 | D:11     | Killed a two-headed ogre
 19764 | D:11     | Reached *** piety under Ashenzari
 19962 | D:11     | Killed Amaemon
 20219 | D:11     | Killed a centaur warrior
 20365 | D:11     | Noticed a two-headed ogre
 20373 | D:11     | Killed a two-headed ogre
 20955 | D:4      | Bought a Necronomicon for 784 gold pieces
 20964 | D:4      | Learned a level 8 spell: Necromutation
 21200 | D:8      | Killed happo123's ghost
 21834 | Lair:1   | Entered Level 1 of the Lair of Beasts
 22146 | Lair:1   | Reached skill level 1 in Transmutations
 22858 | Lair:1   | You fall into a shaft and drop 1 floor!
 22936 | Lair:2   | Found a gate leading to a gauntlet.
 22942 | Lair:2   | Noticed Harold
 22954 | Lair:2   | Killed Harold
 22958 | Gauntlet | Entered a Gauntlet
 22958 | Gauntlet | Found a transporter.
 22958 | Gauntlet | Found a transporter.
 22958 | Gauntlet | Found a transporter.
 23065 | Gauntlet | Found a transporter.
 23071 | Gauntlet | Found a transporter.
 23079 | Gauntlet | Found a transporter.
 23082 | Gauntlet | Found a transporter.
 23086 | Gauntlet | Found a runed translucent door.
 23086 | Gauntlet | Found a runed translucent door.
 23090 | Gauntlet | Found a transporter.
 23108 | Gauntlet | Found a transporter.
 23113 | Gauntlet | Found a transporter.
 23116 | Gauntlet | Found a transporter.
 23123 | Gauntlet | Reached **** piety under Ashenzari
 23128 | Gauntlet | Found a transporter.
 23188 | Gauntlet | Identified the +1 helmet of Vanity {Rampage Str-5 Dex+2}
 23668 | Gauntlet | Noticed a minotaur
 23695 | Gauntlet | Identified the ring of Zump {rElec rPois Will- Int+6 Dex+6}
 23825 | Lair:2   | Noticed a death yak
 23826 | Lair:2   | Noticed a death yak
 23834 | Lair:2   | Killed a death yak
 23915 | Lair:2   | Killed a death yak
 23916 | Lair:2   | Reached XP level 13. HP: 35/84 MP: 22/34
 24378 | Lair:2   | Found a staircase to the Swamp.
 25344 | Swamp:1  | Entered Level 1 of the Swamp
 25344 | Swamp:1  | Noticed a bunyip
 25349 | Swamp:1  | Killed a bunyip
 25823 | Swamp:1  | Slain by a spriggan rider

Illustrated notes

Levels and vault maps discovered:
D:1:      ldierk_water_garden, layout_basic
D:2:      layout_loops_ring, serial_shops, shop_statue,
          kennysheep_pointless_box, kennysheep_boxes
D:3:      layout_basic, serial_shops, shop,
          shapermc_ecumenical_altar_flowoftime, serial_park_tiny_2
D:4:      layout_loops_corners, grunt_dithmenos_smoke_and_mirrors,
          lightli_ossuary_entry_decrepit_ruins, serial_shops,
          nicolae_shop_temple_entry_statues_fountains, supply_closet_lemuel,
          hangedman_decor_peaks_small, minmay_misc_feat_more_columns,
          chequers_garden, uniq_natasha
D:5:      layout_basic, mainiacjoe_overflow_swirl, hellmonk_bongcloud_opening,
          chequers_serial_rivers_room_a, uniq_crazy_yiuf_cottage
D:6:      layout_basic, nicolae_ashenzari_skybound, serial_bayou,
          serial_bayou_crossing, serial_bayou_pond_c, serial_bayou_shore_b,
          serial_bayou_pond_b
D:7:      layout_layer_cave, nicolae_yredelemnul_corpse_copse,
          minmay_temple_entry_mist
D:8:      layout_loops_ring, elyvilon_altar_5, gammafunk_ghost_grave,
          minmay_misc_feat_chi, kennysheep_flooded_box,
          small_statue_intersection, minmay_misc_feat_square, minivault_23,
          uniq_erica, uniq_joseph
D:9:      layout_long_grid, serial_bayou_lagoon_b
D:10:     layout_irregular_city, lair_entry_dummy, david_orc_1_choice,
          minmay_misc_feat_cross, minmay_misc_feat_iff, uniq_psyche
D:11:     minmay_chambers_of_sevens, layout_basic, hangedman_decor_growths,
          uniq_urug, uniq_amaemon, uniq_snorg, uniq_grum
Temple:   nicolae_temple_elliptical
Lair:1:   layout_loops_ring, nicolae_lair_lil_pond, minmay_holes,
          serial_bayou_shore_a
Lair:2:   layout_roguey, minmay_swamp_entry_worms, gauntlet_entry_generic,
          uniq_harold
Swamp:1:  layout_basic_swamp, evilmike_swamp_ruin_house_3

Skill      XL: |  1  2  3  4  5  6  7  8  9 10 11 12 13 |
---------------+----------------------------------------+-----
Fighting       | 1 2 3 4 5 6 7 8 |  8.2
Stealth        | 3 4 5 7 8 9 11 12 | 12.3
Fire Magic     | 4 6 8 9 10 | 10.8
Spellcasting   | 4 5 6 7 8 9 11 12 | 12.2
Conjurations   | 5 7 |  7.5
Summonings     | 1 |  1.9
Necromancy     | 6 9 |  9.8
Armour         | 2 3 4 |  4.1
Transmutations | 4 |  4.9
Dodging        | |  2.4

Action                   |  1- 3 |  4- 6 |  7- 9 | 10-12 | 13-15 || total
-------------------------+-------+-------+-------+-------+-------++-------
Melee: Dagger            |       |    12 |     3 |    16 |       ||    31
       Flail             |       |       |       |    69 |       ||    69
 Cast: Foxfire           |   146 |   369 |   367 |   641 |    56 ||  1579
       Flame Wave        |       |       |    11 |     4 |       ||    15
       Starburst         |       |       |       |    67 |    14 ||    81
Invok: Curse Item        |       |       |       |     7 |       ||     7
       Shatter the Chain |       |       |       |     1 |     1 ||     2
Evoke: Wand              |       |       |     3 |    10 |       ||    13
  Use: Scroll            |       |     7 |    11 |    21 |       ||    39
       Potion            |       |     3 |     7 |    11 |       ||    21
 Stab: Invisible         |       |       |       |     1 |       ||     1
Armor: Robe              |       |    31 |    42 |    41 |       ||   114
       Skin              |       |       |     5 |       |       ||     5
       Troll leather arm |       |       |       |   115 |     6 ||   121
Dodge: Dodged            |     5 |    66 |   122 |   230 |     8 ||   431

Table legend: (Time is in decaauts)
 A = Elapsed time spent in this place.
 B = Non-inter-level travel time spent in this place.
 C = Inter-level travel time spent in this place.
 D = Time resting spent in this place.
 E = Time spent auto-exploring this place.
 F = Levels seen in this place.
 G = Mean time per level.
                   A        B        C        D        E       F      G
               +--------+--------+--------+--------+--------+-----+--------+
         Total |  26012 |  23213 |   2799 |   1657 |  17615 |  17 | 1530.1 |
       Dungeon |  20858 |  18921 |   1937 |   1203 |  14589 |  11 | 1896.2 |
        Temple |    211 |    183 |     28 |      0 |    168 |   1 |  211.0 |
          Lair |   3249 |   2416 |    833 |    454 |   1624 |   2 | 1624.5 |
         Swamp |     11 |     11 |      0 |      0 |      0 |   1 |   11.0 |
       Ossuary |    938 |    938 |      0 |      0 |    781 |   1 |  938.0 |
      Gauntlet |    742 |    742 |      0 |      0 |    453 |   1 |  742.0 |
               +--------+--------+--------+--------+--------+-----+--------+

Top non-repeatable levels by time:
     D:7: 2620 daAuts
     D:5: 2360 daAuts
    D:11: 2213 daAuts
  Lair:2: 2208 daAuts
    D:10: 2175 daAuts
     D:4: 2114 daAuts
     D:2: 1761 daAuts
     D:6: 1696 daAuts
     D:9: 1646 daAuts
     D:3: 1487 daAuts
     D:8: 1418 daAuts
     D:1: 1365 daAuts
  Lair:1: 1040 daAuts
 Ossuary: 938 daAuts
Gauntlet: 742 daAuts
